[Event "Team 45 45 League T31"]
[Site "Internet Chess Club"]
[Date "2006.07.09"]
[Round "3"]
[White "upturnedcircle"]
[Black "room-matt"]
[Result "0-1"]
[WhiteElo "1770"]
[BlackElo "1895"]
[TimeControl "2700+45"]

1. d4 Nf6 2. c4 e5 3. dxe5 Ng4 4. Bf4 Nc6 5. Nf3 Bb4+ 6. Nbd2 Qe7 7. e3 Ngxe5 8.
Nxe5 Nxe5 9. Be2 O-O 10. O-O a5 11. Nf3 d6 12. a3 Bc5 13. b4 axb4 14. axb4 Rxa1
15. Qxa1 Nxf3+ 16. Bxf3 Bxb4 17. Qb2 c5 18. Rd1 Rd8 19. Bd5 g5 20. Bg3 Bf5 21.
Qe2 Bg6 22. Qf3 h5 23. h4 g4 24. Qf4 Kg7 25. e4 Bc3 26. Qe3 Bd4 27. Rxd4 cxd4
28. Qxd4+ f6 29. Bf4 Ra8 30. Bg5 Ra4 31. Bd2 Qe5 32. Qe3 Ra1+ 33. Bc1 Kf8 34.
Qh6+ Ke7 35. Qg7+ Kd8 36. g3 Rxc1+ 37. Kh2 Bxe4 38. Qf8+ Kd7 39. Qf7+ Qe7 40.
Be6+ Kd8 41. Qg8+ Qe8 {White resigns} 0-1  aics%

[Event "Team 45 45 League T31"]
[Site "Internet Chess Club"]
[Date "2006.07.08"]
[Round "3"]
[White "jientho"]
[Black "nursey"]
[Result "0-1"]
[WhiteElo "1530"]
[BlackElo "1633"]
[TimeControl "2700+45"]

1. e4 e5 2. Nf3 Nc6 3. Bc4 Bc5 4. b4 Bxb4 5. c3 Be7 6. O-O Nf6 7. d3 O-O 8. Na3
d6 9. Ng5 Bg4 10. Qb3 d5 11. exd5 Na5 12. Qb5 Nxc4 13. Nxc4 Be2 14. Re1 Bxd3 15.
Rxe5 Nd7 16. Rxe7 Qxe7 17. Ba3 Qxg5 18. Bxf8 Rxf8 19. Re1 Nb6 20. Qb4 Bxc4 21.
g3 Qd2 22. Re7 Qd1+ 23. Kg2 Bf1+ 24. Kg1 Be2+ 25. Kg2 Qf1# {White checkmated}
0-1  aics%

[Event "Team 45 45 League T31"]
[Site "Internet Chess Club"]
[Date "2006.07.10"]
[Round "3"]
[White "JustinSane"]
[Black "searchforbobby1"]
[Result "1/2-1/2"]
[WhiteElo "2174"]
[BlackElo "2146"]
[TimeControl "2700+45"]

1. d4 f5 2. Bf4 Nf6 3. e3 e6 4. Bd3 Be7 5. c4 O-O 6. h3 d5 7. Nc3 c6 8. g4 dxc4
9. Bxc4 b5 10. Bb3 b4 11. Nce2 Nd5 12. Nf3 Nd7 13. Rc1 Bb7 14. Ne5 Nxe5 15. Bxe5
Bd6 16. Bxd5 exd5 17. Bxd6 Qxd6 18. Nf4 Rae8 19. Kf1 Ba6+ 20. Kg2 Bb5 21. g5 Re4
22. Qd2 Rfe8 23. Rhe1 Qe7 24. h4 Qd6 25. Rc5 Qe7 26. Rcc1 Qd6 27. f3 R4e7 28.
Rc5 Qxf4 29. exf4 Rxe1 30. Rxb5 cxb5 31. Kf2 Kf7 32. h5 R8e2+ 33. Qxe2 Rxe2+ 34.
Kxe2 Ke6 {Game drawn by mutual agreement} 1/2-1/2  aics%

[Event "Team 45 45 League T31"]
[Site "Internet Chess Club"]
[Date "2006.07.09"]
[Round "3"]
[White "Burning-Bush"]
[Black "fileman"]
[Result "1-0"]
[WhiteElo "2140"]
[BlackElo "1936"]
[TimeControl "2700+45"]

1. d4 Nc6 2. Nf3 d5 3. g3 Bg4 4. Bg2 Qd7 5. h3 Bf5 6. c3 O-O-O 7. b4 f6 8. Na3
e6 9. Nc2 Nge7 10. Ne3 Bg6 11. a4 Nf5 12. a5 Nxe3 13. Bxe3 Ne7 14. Qb3 a6 15.
O-O c6 16. c4 Nf5 17. cxd5 Qxd5 18. Qc3 Nxe3 19. fxe3 Be4 20. Nh4 Bxg2 21. Nxg2
Bd6 22. Nf4 Bxf4 23. Rxf4 Rhe8 24. Raf1 Qh5 25. R1f3 Qxh3 26. Rh4 Qxh4 27. gxh4
e5 28. Kf2 exd4 29. exd4 Re4 30. Rd3 Rxh4 31. d5 Rf4+ 32. Kg3 g5 33. dxc6 Re8
34. cxb7+ Kxb7 35. Rd7+ {Black resigns} 1-0  aics%

[Event "Team 45 45 League T31"]
[Site "Internet Chess Club"]
[Date "2006.07.10"]
[Round "3"]
[White "Malcolm"]
[Black "nightly"]
[Result "0-1"]
[WhiteElo "1644"]
[BlackElo "1940"]
[TimeControl "2700+45"]

1. Nc3 d5 2. e4 dxe4 3. Nxe4 Bf5 4. Ng3 Bg6 5. Bc4 e6 6. h4 h6 7. Nf3 Bd6 8. d4
c6 9. Qe2 Nf6 10. Bd2 Nbd7 11. Ne5 Bxe5 12. dxe5 Nd5 13. Bb3 Qc7 14. f4 Nc5 15.
Bxd5 cxd5 16. Qb5+ Qc6 17. Qxc6+ bxc6 18. Rg1 Bxc2 19. Bb4 Nd3+ 20. Kd2 Nxb4 21.
a3 Nd3 22. Nh5 Nxf4 23. Kxc2 Nxh5 24. g4 Nf4 25. Rgf1 Ng6 {White resigns} 0-1 
aics%

[Event "Team 45 45 League T31"]
[Site "Internet Chess Club"]
[Date "2006.07.18"]
[Round "3"]
[White "PaulKaspar"]
[Black "LoseOften"]
[Result "1/2-1/2"]
[WhiteElo "1877"]
[BlackElo "1857"]
[TimeControl "2700+45"]

1. e4 c5 2. Nf3 d6 3. Bd3 g6 4. h3 Bg7 5. c3 Nf6 6. Bc2 O-O 7. O-O Nc6 8. d4
cxd4 9. cxd4 Nb4 10. Bb3 Qb6 11. a3 Nc6 12. Nc3 {Game drawn by mutual agreement}
1/2-1/2  aics%

[Event "Team 45 45 League T31"]
[Site "Internet Chess Club"]
[Date "2006.07.06"]
[Round "3"]
[White "fledermaus"]
[Black "NotSoGreat"]
[Result "0-1"]
[WhiteElo "2022"]
[BlackElo "2307"]
[TimeControl "2700+45"]

1. d4 Nf6 2. c4 e6 3. Nc3 Bb4 4. Qc2 d5 5. cxd5 exd5 6. Bg5 h6 7. Bh4 c5 8. e3
cxd4 9. Bb5+ Nc6 10. exd4 O-O 11. Ne2 Qb6 12. Bxc6 Qxc6 13. O-O Ne4 14. f3 Nxc3
15. Nxc3 Be6 16. Rac1 Rac8 17. Qd3 Qc4 18. Rfd1 Qxd3 19. Rxd3 Rc4 20. g4 Rfc8
21. Be1 b5 22. Rcd1 a6 23. Kf1 Be7 24. h3 g5 25. Ne2 h5 26. Ng3 hxg4 27. hxg4
Kg7 28. Kg2 Kg6 29. Bf2 Rc2 30. R3d2 Bb4 31. Rxc2 Rxc2 32. Rb1 a5 33. Nf1 Bd6
34. Ne3 Rd2 35. Nf1 Re2 36. Ng3 Rc2 37. a3 a4 38. Kg1 Bf4 39. Be1 Be3+ 40. Kf1
Bxd4 41. b3 Bc5 42. bxa4 bxa4 43. Ne2 d4 44. Bb4 Bxb4 45. Rxb4 Bc4 46. Rxa4
Bxe2+ {White resigns} 0-1  aics%

[Event "Team 45 45 League T31"]
[Site "Internet Chess Club"]
[Date "2006.07.09"]
[Round "3"]
[White "kabindra"]
[Black "EdBorowski"]
[Result "0-1"]
[WhiteElo "1902"]
[BlackElo "2037"]
[TimeControl "2700+45"]

1. e4 c5 2. d4 cxd4 3. c3 Nc6 4. Nf3 d5 5. exd5 Qxd5 6. cxd4 Bg4 7. Nc3 Qf5 8.
d5 Bxf3 9. gxf3 Ne5 10. Bb5+ Nd7 11. Ne4 Nf6 12. Nc5 a6 13. Qa4 Rc8 14. Nxd7
Nxd7 15. Bxd7+ Qxd7 16. Qxd7+ Kxd7 17. O-O g6 18. Bg5 h6 19. Bd2 Bg7 20. Rab1
Rc2 21. Bc3 Bxc3 22. bxc3 b5 23. a4 Rb8 24. axb5 Rxb5 25. Ra1 Rxd5 26. Rxa6 Rxc3
27. Rb1 Rd6 28. Ra7+ Rc7 29. Ra8 Ke6 30. Re1+ Kf6 31. Kg2 Rd2 32. Ra6+ e6 33.
Ra3 Rcc2 34. Rf1 h5 35. Kg3 g5 36. Re3 Kf5 37. Ra3 h4+ 38. Kg2 f6 39. Ra5+ e5
40. Ra3 Kf4 41. Ra4+ Rd4 42. Ra3 Rcd2 43. Re3 R4d3 44. Re4+ Kf5 45. h3 Rb3 46.
Rfe1 Rdd3 47. R4e3 Rxe3 48. fxe3 Rb2+ 49. Kg1 e4 50. Rf1 exf3 51. Rxf3+ Ke5 52.
Rf1 Re2 53. Rf3 f5 54. Kf1 Rh2 55. Kg1 Ra2 56. Rf1 Ke4 57. Re1 Rd2 58. Rf1 Re2
59. Ra1 Rxe3 60. Ra4+ Kf3 61. Ra5 Kg3 62. Kf1 Rf3+ 63. Ke2 Rf4 64. Ra3+ Kg2 65.
Rb3 Rf2+ 66. Ke1 Rf3 67. Rxf3 Kxf3 68. Kf1 Kg3 69. Kg1 Kxh3 70. Kh1 g4 71. Kg1
g3 72. Kh1 g2+ 73. Kg1 f4 74. Kf2 Kh2 75. Kf3 g1=Q 76. Kxf4 Qe1 77. Kg4 Qf2 78.
Kh5 Qg3 79. Kh6 Kg2 {White resigns} 0-1  aics%

[Event "Team 45 45 League T31"]
[Site "Internet Chess Club"]
[Date "2006.07.09"]
[Round "3"]
[White "Flying-Tiger"]
[Black "vvsi"]
[Result "0-1"]
[WhiteElo "1864"]
[BlackElo "1817"]
[TimeControl "2700+45"]

1. d4 Nf6 2. c4 Nc6 3. Nc3 e5 4. d5 Ne7 5. e4 Ng6 6. Nf3 Bc5 7. Be2 O-O 8. O-O
d6 9. Qc2 a6 10. a3 h6 11. b4 Ba7 12. Rb1 Nh7 13. Na4 f5 14. Bd3 f4 15. c5 Bg4
16. Be2 Ng5 17. Qd3 Nxe4 18. Qc4 Ng5 19. Rb3 Qe8 20. Nxg5 Bxe2 21. Qxe2 Qxa4 22.
Rh3 hxg5 23. Qh5 Qe8 24. Qh7+ Kf7 25. Qh5 Kf6 26. Qg4 Rh8 27. Rxh8 Nxh8 28. h4
gxh4 29. Qxh4+ Kf7 30. Re1 Qd8 31. Qh5+ Ng6 32. Bxf4 Qh4 33. Qf5+ Qf6 34. Qd7+
Kg8 35. Bg3 Qf7 36. Qg4 Rf8 37. Re3 Nf4 38. Bxf4 exf4 39. Rh3 Qf6 40. Qh5 dxc5
41. Qh7+ Kf7 42. Rh5 Ke7 43. Qe4+ Kd7 44. d6 c6 45. Qf3 c4 46. Rh7 Rf7 47. Rh8
Qxd6 48. Qg4+ Kc7 49. Qc8+ Kb6 50. Qe8 Re7 51. Qh5 Re1+ 52. Kh2 f3+ 53. g3 Qd5
54. Qh4 c3 55. Rh5 Re5 56. Rxe5 Qxe5 57. Qd8+ Qc7 58. Qd4+ c5 59. Qxc3 cxb4 60.
Qxb4+ Kc6 61. Qc3+ Bc5 62. Qxf3+ Kb6 63. a4 Ka7 64. Qc3 Bd6 65. Qd4+ Bc5 66. Qc3
Bb6 67. Qb2 Qd7 68. Qc2 Qd4 69. Kg2 Qxf2+ 70. Qxf2 Bxf2 71. Kxf2 Kb6 72. Kf3 Ka5
73. Kf4 Kxa4 74. Kf5 b5 75. Kg6 b4 76. Kxg7 b3 77. g4 b2 78. g5 b1=Q 79. g6 Qg1
{White resigns} 0-1  aics%

[Event "Team 45 45 League T31"]
[Site "Internet Chess Club"]
[Date "2006.07.06"]
[Round "3"]
[White "The-Rookie"]
[Black "Petros-son"]
[Result "1/2-1/2"]
[WhiteElo "1726"]
[BlackElo "1794"]
[TimeControl "2700+45"]

1. e4 Nf6 2. e5 Nd5 3. d4 d6 4. Nf3 dxe5 5. Nxe5 c6 6. c4 Nb6 7. Nc3 Be6 8. b3
N8d7 9. Nf3 Bg4 10. Be2 e6 11. O-O Be7 12. Bb2 O-O 13. Qc2 Nf6 14. Rad1 Qc7 15.
h3 Bf5 16. Bd3 Bxd3 17. Rxd3 Rfd8 18. Re1 a5 19. Ne5 Nbd7 20. Rg3 Nxe5 21. dxe5
Nd7 22. Qe2 Nc5 23. Ba3 Ne4 24. Nxe4 Bxa3 25. Nf6+ Kh8 26. Qg4 Bf8 27. Nh5 g6
28. Qh4 Bg7 29. Nf6 h6 30. Rf3 c5 31. Rfe3 Qe7 32. Qf4 Rd4 33. Re4 Rad8 34. h4
Rxe4 35. Rxe4 Rd1+ 36. Kh2 Bxf6 37. Qxh6+ Kg8 38. exf6 Qxf6 39. Qe3 Rd4 40. f3
Qd8 41. Kg3 Qd6+ 42. Qf4 Qxf4+ 43. Kxf4 Rd2 44. g4 Rxa2 45. Re5 b6 46. h5 gxh5
47. gxh5 Rb2 48. Re3 Kg7 49. Ke5 Rd2 50. h6+ Kxh6 51. Kf6 Rd7 52. Re1 Kh7 53.
Rh1+ Kg8 54. Rg1+ Kf8 55. Rh1 Kg8 56. Rg1+ {Game drawn by mutual agreement}
1/2-1/2  aics%

[Event "Team 45 45 League T31"]
[Site "Internet Chess Club"]
[Date "2006.07.09"]
[Round "3"]
[White "narog"]
[Black "rayngrant"]
[Result "1-0"]
[WhiteElo "2045"]
[BlackElo "1617"]
[TimeControl "2700+45"]

1. d4 d5 2. Bf4 Nf6 3. e3 e6 4. Nf3 c5 5. c3 Nc6 6. Bd3 Be7 7. Nbd2 O-O 8. O-O
c4 9. Bc2 b5 10. e4 Ng4 11. h3 Nf6 12. Qe2 Nh5 13. Bh2 a5 14. Ne5 Nxe5 15. dxe5
g6 16. Rad1 Bb7 17. exd5 Bxd5 18. Ne4 Qb6 19. g4 Ng7 20. Nf6+ Bxf6 21. exf6 Ne8
22. Be5 Qc5 23. Rfe1 Qc6 24. Rd4 Rd8 25. Qe3 Bh1 26. Be4 Bxe4 27. Rxd8 Bh1 28.
Qg3 Bd5 29. Kh2 Qb6 30. Rb8 Qc5 31. Re3 b4 32. Qf4 bxc3 33. Rxc3 Qc6 34. Rxe8
Rxe8 35. Qh6 {Black resigns} 1-0  aics%

[Event "Team 45 45 League T31"]
[Site "Internet Chess Club"]
[Date "2006.07.10"]
[Round "3"]
[White "jacknor"]
[Black "mfunk"]
[Result "0-1"]
[WhiteElo "1544"]
[BlackElo "1614"]
[TimeControl "2700+45"]

1. d4 Nf6 2. Bf4 d5 3. e3 Bf5 4. Bd3 Bxd3 5. cxd3 e6 6. Nf3 Nc6 7. a3 a5 8. Ne5
Nxe5 9. dxe5 Nd7 10. d4 c5 11. O-O Be7 12. Nd2 Qb6 13. Qb3 a4 14. Qxb6 Nxb6 15.
Rac1 Ra5 16. Rc2 Kd7 17. Rfc1 Rc8 18. Rc3 c4 19. e4 Rc6 20. exd5 exd5 21. Nf3 h6
22. Bg3 Rb5 23. R1c2 Rb3 24. Nh4 Bxh4 25. Bxh4 Nc8 26. f4 Rcb6 27. Rxb3 Rxb3 28.
Be1 Ne7 29. g4 Rd3 30. Bc3 Nc6 31. Rd2 Rxd2 32. Bxd2 Nxd4 33. Bc3 Ne2+ 34. Kf2
Nxf4 35. Kf3 Nd3 36. Ke3 Ke6 37. h3 Nxe5 38. Kd4 b6 39. Ke3 g6 40. Bd4 b5 41.
Bc3 Nc6 42. Kf4 d4 43. Bd2 Kd5 44. Kg3 Ke4 45. Bxh6 Kd3 46. h4 Kc2 47. Bg7 Kxb2
48. h5 gxh5 49. gxh5 Ne7 50. Bxd4+ Kb3 51. Kf4 c3 52. Kg5 c2 53. Be3 Kxa3 54.
Bc1+ Ka2 55. Kf6 Kb1 56. Bd2 c1=Q 57. Bxc1 Kxc1 58. Kxe7 a3 59. Kxf7 a2 60. h6
a1=Q 61. Kg8 Qa8+ 62. Kg7 b4 63. h7 b3 64. h8=Q Qxh8+ 65. Kxh8 b2 {White
resigns} 0-1  aics%

[Event "Team 45 45 League T31"]
[Site "Internet Chess Club"]
[Date "2006.07.08"]
[Round "3"]
[White "cwberkey"]
[Black "EyeAm"]
[Result "1-0"]
[WhiteElo "1547"]
[BlackElo "1339"]
[TimeControl "2700+45"]

1. e4 e5 2. Nf3 Nf6 3. d3 Nc6 4. Bg5 Be7 5. Nc3 Bb4 6. Be2 d6 7. O-O Bxc3 8.
bxc3 O-O 9. Rb1 b6 10. d4 Bg4 11. Bb5 Na5 12. dxe5 dxe5 13. Qxd8 Raxd8 14. Nxe5
Rd6 15. Bxf6 {Black resigns} 1-0  aics%

[Event "Team 45 45 League T31"]
[Site "Internet Chess Club"]
[Date "2006.07.09"]
[Round "3"]
[White "Klampin"]
[Black "bondguy01"]
[Result "1-0"]
[WhiteElo "1862"]
[BlackElo "1685"]
[TimeControl "2700+45"]

1. d4 Nf6 2. Nf3 e6 3. Bg5 h6 4. Bxf6 Qxf6 5. e4 d6 6. Bd3 Nd7 7. Nbd2 g5 8. h3
Bg7 9. c3 O-O 10. Qe2 e5 11. O-O Qe7 12. b4 a6 13. a4 Nf6 14. dxe5 dxe5 15. Nc4
Nh5 16. Rfd1 Nf4 17. Qe3 Nxd3 18. Rxd3 Qe6 19. Qc5 f6 20. Qxc7 Qc6 21. Qxc6 bxc6
22. Rd6 Re8 23. Rad1 Be6 24. Nb6 Bb3 25. R1d2 Rab8 26. Rxc6 Be6 27. Rdd6 Bf7 28.
Nd7 Rbc8 29. Nxf6+ Bxf6 30. Rxf6 Rxc6 31. Rxc6 Kg7 32. Rxa6 Bc4 33. Ra7+ Kf6 34.
Nd2 Bd3 35. Rd7 Bc2 36. a5 Ba4 37. Rd6+ Re6 38. Rxe6+ Kxe6 39. c4 Kd6 40. Kf1
Kc6 41. Nf3 Kd6 42. b5 Bc2 43. Nd2 Bd3+ 44. Ke1 Kc5 45. g3 h5 46. Kd1 g4 47. h4
Bxc4 48. Nxc4 Kxb5 49. Kc2 Ka6 50. Kc3 Kb5 51. Kb3 {Black resigns} 1-0

[Event "Team 45 45 League T31"]
[Site "Internet Chess Club"]
[Date "2006.07.07"]
[Round "3"]
[White "RD1974"]
[Black "Kenzo2"]
[Result "0-1"]
[WhiteElo "1634"]
[BlackElo "1620"]
[TimeControl "2700+45"]

1. e4 d6 2. d4 Nf6 3. Nc3 g6 4. Be3 Bg7 5. f3 O-O 6. Qd2 e5 7. d5 c5 8. dxc6
Nxc6 9. O-O-O Ne8 10. Bc4 a6 11. a3 Rb8 12. Bd5 Qc7 13. h4 b5 14. h5 b4 15. axb4
Nxb4 16. Bb3 Be6 17. Bxe6 fxe6 18. hxg6 hxg6 19. Bh6 Qa5 20. Qg5 Na2+ 21. Kd2
Rxb2 22. Ne2 Qb4 23. Rb1 Nxc3 24. Rxb2 Nxe4+ 25. Kc1 Qxb2+ 26. Kxb2 Nxg5 27.
Bxg5 e4+ 28. Kb3 exf3 29. gxf3 Rxf3+ 30. Ka4 Rf2 31. Nf4 Kf7 32. c4 e5 33. Nd5
Nf6 34. Nc7 Ne4 35. Be3 Nc5+ 36. Ka3 Rf3 37. Nd5 Ne4 38. Kb4 Nf6 39. Bb6 Nxd5+
40. cxd5 g5 41. Bc7 Rf6 42. Rg1 Rg6 43. Rf1+ Ke7 44. Kc4 g4 45. Rg1 g3 46. Rg2
Rg4+ 47. Kd3 e4+ 48. Ke3 Be5 49. Ba5 Kf6 50. Bd8+ Kf5 51. Ba5 Ba1 52. Be1 Be5
53. Ba5 Kg5 54. Bd8+ Bf6 55. Bc7 Be7 56. Ba5 Kh4 57. Be1 Bg5+ 58. Ke2 Kh3 59.
Kf1 Be3 60. Bxg3 Rxg3 {White resigns} 0-1  aics%

[Event "Team 45 45 League T31"]
[Site "Internet Chess Club"]
[Date "2006.07.10"]
[Round "3"]
[White "Attacktics"]
[Black "clarinetref"]
[Result "0-1"]
[WhiteElo "1362"]
[BlackElo "1545"]
[TimeControl "2700+45"]

1. e4 d6 2. d4 Nf6 3. Nc3 g6 4. Be3 h6 5. e5 dxe5 6. dxe5 Qxd1+ 7. Rxd1 Nfd7 8.
Nb5 Na6 9. Nf3 e6 10. Nxa7 Nb4 11. c3 Nc2+ 12. Kd2 Nxe3 13. fxe3 Rxa7 {White
resigns} 0-1  aics%

[Event "Team 45 45 League T31"]
[Site "Internet Chess Club"]
[Date "2006.07.10"]
[Round "3"]
[White "Just-Jim"]
[Black "moreffee"]
[Result "1-0"]
[WhiteElo "1440"]
[BlackElo "1353"]
[TimeControl "2700+45"]

1. e4 c5 2. Nc3 d6 3. Bc4 Nc6 4. h3 e6 5. Nf3 a6 6. a3 Nf6 7. d3 Be7 8. Bf4 Bd7
9. d4 cxd4 10. Nxd4 Rc8 11. Nxc6 Bxc6 12. Bd3 Qa5 13. O-O Qc7 14. Re1 O-O 15. e5
Nd7 16. exd6 Bxd6 17. Bxd6 Qa5 18. Bxf8 Rxf8 19. Be4 Rd8 20. Bxc6 bxc6 21. Re4
Nf6 22. Rd4 Nd5 23. Nxd5 cxd5 24. Qh5 Qb6 25. Rh4 Qxb2 26. Qxh7+ Kf8 27. Re1 Ke7
28. Rb4 Qc3 29. Rb7+ Rd7 30. Qh4+ f6 31. Rxd7+ Kxd7 32. Qa4+ Kd8 33. Rb1 Qc7 34.
Qxa6 {Black resigns} 1-0  aics%

[Event "Team 45 45 League T31"]
[Site "Internet Chess Club"]
[Date "2006.07.09"]
[Round "3"]
[White "NoLuckOnlySkill"]
[Black "bobhill"]
[Result "1-0"]
[WhiteElo "1954"]
[BlackElo "2048"]
[TimeControl "2700+45"]

1. e4 c5 2. Nf3 d6 3. Bb5+ Bd7 4. Qe2 Nc6 5. O-O g6 6. c3 Bg7 7. Bxc6 Bxc6 8. d4
cxd4 9. Nxd4 Nf6 10. Nxc6 bxc6 11. Rd1 Nd7 12. Bg5 h6 13. Be3 O-O 14. Nd2 c5 15.
Nc4 Qc7 16. Rd2 Rab8 17. Rad1 Rb7 18. f4 Nb6 19. Na5 Rbb8 20. Nc4 Nxc4 21. Qxc4
Qa5 22. f5 Kh7 23. Rf1 g5 24. Rdf2 Be5 25. Qe2 Rb7 26. Qh5 Bf6 27. h4 Rg8 28.
hxg5 Bxg5 29. Bxg5 Rxg5 30. Qxf7+ Rg7 31. Qd5 Qc7 32. f6 exf6 33. Rxf6 Qd7 34.
Qh5 Kg8 35. Rxh6 Rh7 36. Qg6+ Rg7 37. Rh8+ Kxh8 38. Rf8+ {Black resigns} 1-0 
aics%

[Event "Team 45 45 League T31"]
[Site "Internet Chess Club"]
[Date "2006.07.12"]
[Round "3"]
[White "Simonside"]
[Black "bahus"]
[Result "1-0"]
[WhiteElo "1937"]
[BlackElo "1916"]
[TimeControl "2700+45"]

1. d4 Nf6 2. c4 c5 3. d5 b5 4. Nf3 d6 5. cxb5 a6 6. b6 g6 7. Nc3 Bg7 8. a4 Qxb6
9. e4 O-O 10. Be2 e6 11. a5 Qc7 12. O-O exd5 13. exd5 Bb7 14. Re1 Nbd7 15. h3
Rfe8 16. Ra4 Ne5 17. Nxe5 Rxe5 18. Bf4 Ree8 19. Bf3 Rxe1+ 20. Qxe1 Re8 21. Qd1
Nd7 22. Qa1 Ne5 23. Be2 Qd7 24. Qd1 f5 25. Ra3 Nf7 26. Rb3 Bf6 27. Be3 Bd8 28.
Ra3 Ne5 29. Qf1 Qc8 30. Qd1 Qa8 31. Qa4 Bf6 32. Rb3 Re7 33. Rb6 Nf7 34. Bc4 Bxc3
35. bxc3 Bxd5 36. Rxa6 Qc8 37. Rxd6 Nxd6 38. Bxd5+ Kg7 39. Qh4 Qe8 40. Bh6+ Kh8
41. Qf6+ {Black resigns} 1-0  aics%

[Event "Team 45 45 League T31"]
[Site "Internet Chess Club"]
[Date "2006.07.11"]
[Round "3"]
[White "jerq"]
[Black "room-matt"]
[Result "0-1"]
[WhiteElo "1869"]
[BlackElo "1910"]
[TimeControl "2700+45"]

1. e4 e5 2. Nf3 Nc6 3. Bc4 Nf6 4. O-O Nxe4 5. Re1 d5 6. Bb5 f6 7. Nxe5 fxe5 8.
Qh5+ Ke7 9. Bxc6 bxc6 10. Qxe5+ Be6 11. d3 Qd6 12. Qd4 Nf6 13. Bf4 Qd7 14. Nd2
Kd8 15. Nf3 Bd6 16. Bg5 Rf8 17. Ne5 Qe8 18. Nxc6+ Qxc6 19. Rxe6 Bxh2+ 20. Kxh2
Qxe6 21. Qc3 Kd7 22. Re1 Qd6+ 23. Kg1 Rae8 24. Rd1 h6 25. Bh4 Re2 26. Qb3 a6 27.
c4 d4 28. Rc1 Qf4 29. Qa4+ c6 {White resigns} 0-1  aics%

[Event "Team 45 45 League T31"]
[Site "Internet Chess Club"]
[Date "2006.07.07"]
[Round "3"]
[White "BaroneRosso"]
[Black "reinaroja"]
[Result "1-0"]
[WhiteElo "2068"]
[BlackElo "2159"]
[TimeControl "2700+45"]

1. d4 Nf6 2. c4 e6 3. Nf3 c5 4. d5 exd5 5. cxd5 g6 6. Nc3 Bg7 7. Bf4 d6 8. Qa4+
Bd7 9. Qb3 Qc7 10. e4 O-O 11. Nd2 Nh5 12. Be3 Re8 13. Be2 Nf6 14. O-O a6 15. a4
Bc8 16. h3 Nbd7 17. Rae1 b6 18. Bf4 Re7 19. Nc4 Ne8 20. Bg4 Rb8 21. Bg5 Bf6 22.
Bxf6 Nexf6 23. Bxd7 Nxd7 24. f4 f6 25. e5 fxe5 26. Ne4 Bb7 27. Ncxd6 c4 28. Qd1
Rd8 29. f5 Nc5 30. f6 Rf7 31. Nxf7 Qxf7 32. Nxc5 Rxd5 33. Nxb7 {Black resigns}
1-0  aics%

[Event "Team 45 45 League T31"]
[Site "Internet Chess Club"]
[Date "2006.07.08"]
[Round "3"]
[White "MiroslavR"]
[Black "matein7"]
[Result "1-0"]
[WhiteElo "2012"]
[BlackElo "1929"]
[TimeControl "2700+45"]

1. e4 d5 2. exd5 Nf6 3. d4 Nxd5 4. c4 Nb6 5. Nf3 Bf5 6. Nc3 e6 7. Be2 Be7 8. O-O
O-O 9. Be3 Nc6 10. h3 Bf6 11. a4 a5 12. Qd2 Nb4 13. Rac1 Qe7 14. c5 N6d5 15. Nb5
Rfd8 16. Rfd1 Rd7 17. Na3 Na2 18. Ra1 Nab4 19. Nc4 Nxe3 20. Nxe3 Be4 21. Ng4
Bxd4 22. Nxd4 e5 23. Qc3 exd4 24. Qg3 d3 25. Bf1 d2 26. Bc4 Bg6 27. Ne5 Rd4 28.
Bb3 Bh5 29. f3 Re8 30. f4 Qxc5 31. Kh2 Rxe5 32. fxe5 Rd3 33. Qg5 Bxd1 34. Rxd1
h6 35. Bxf7+ Kf8 36. Qf5 Ke7 37. Qe6+ {Black resigns} 1-0  aics%

[Event "Team 45 45 League T31"]
[Site "Internet Chess Club"]
[Date "2006.07.08"]
[Round "3"]
[White "ikalel"]
[Black "Klampin"]
[Result "0-1"]
[WhiteElo "1879"]
[BlackElo "1853"]
[TimeControl "2700+45"]

1. e4 c6 2. Nf3 d5 3. Nc3 dxe4 4. Nxe4 Bg4 5. h3 Bxf3 6. Qxf3 Nd7 7. d4 Ngf6 8.
Bg5 Nxe4 9. Qxe4 Qb6 10. Bd3 e6 11. O-O Bd6 12. c4 Qxb2 13. Rfb1 Qc3 14. Rc1 Qa5
15. f4 h6 16. Bh4 g6 17. Re1 Qh5 18. Bf2 O-O-O 19. Reb1 Nf6 20. Qe3 g5 21. Be2
g4 22. d5 b6 23. Qc3 Ne4 24. Qc2 Nxf2 25. Kxf2 Qh4+ 26. g3 Bc5+ 27. Ke1 Qxg3+
28. Kd1 cxd5 {White resigns} 0-1  aics%

[Event "Team 45 45 League T31"]
[Site "Internet Chess Club"]
[Date "2006.07.11"]
[Round "3"]
[White "rayonline53"]
[Black "Beetlejuice"]
[Result "0-1"]
[WhiteElo "1669"]
[BlackElo "1879"]
[TimeControl "2700+45"]

1. e4 e5 2. Nf3 Nf6 3. Nxe5 d6 4. Nf3 Nxe4 5. d4 d5 6. Bd3 Nc6 7. O-O Be7 8. Re1
Bg4 9. c3 f5 10. Be3 O-O 11. Qc2 Bxf3 12. gxf3 f4 13. Bc1 Ng5 14. Kh1 Nxf3 15.
Bxh7+ Kh8 16. Rf1 Qd7 17. Rg1 Qh3 18. Rg2 Ne1 19. Qg6 Qxg2+ {White resigns} 0-1 
aics%

[Event "Team 45 45 League T31"]
[Site "Internet Chess Club"]
[Date "2006.07.09"]
[Round "3"]
[White "Mississippian"]
[Black "guyd52"]
[Result "0-1"]
[WhiteElo "1368"]
[BlackElo "1343"]
[TimeControl "2700+45"]

1. e4 d6 2. d4 Nf6 3. Nc3 g6 4. f3 Bg7 5. Be3 O-O 6. Qd2 Nbd7 7. Bh6 e6 8. h4 b6
9. g4 Kh8 10. Bxg7+ Kxg7 11. h5 Ng8 12. g5 Ne7 13. h6+ Kg8 14. f4 Bb7 15. Bd3 c5
16. Qe3 Re8 17. Nb5 Qb8 18. Nh3 a6 19. Nc3 Nc6 20. Ne2 Nb4 21. Qd2 Nxd3+ 22.
Qxd3 Bc6 23. O-O-O c4 24. Qe3 Qb7 25. Nf2 Rac8 26. Rhg1 a5 27. e5 d5 28. Ng4 b5
29. Ng3 b4 30. Nf6+ Nxf6 31. gxf6 Kf8 32. f5 a4 33. fxg6 fxg6 34. f7 Re7 35.
Rdf1 Rcc7 36. Rf6 Qc8 37. Rgf1 Rxf7 38. Rxf7+ Rxf7 39. Rxf7+ Kxf7 40. Qf4+ Ke8
41. Qf6 Qd7 42. Ne2 Qf7 43. Qh8+ Ke7 44. Kd2 Be8 45. a3 b3 46. cxb3 axb3 47. Ke3
Kd8 48. a4 Kc7 49. Qg7 Kb6 50. Qxf7 Bxf7 51. Ng1 Ka5 52. Kd2 Kxa4 53. Kc3 Kb5
54. Nf3 Kc6 55. Ng5 Bg8 56. Kb4 Kb6 57. Ka4 Kc7 58. Kb4 Kd8 59. Nf3 Ke7 60. Nd2
g5 61. Kc3 Kf7 62. Nf3 Kg6 63. Nh2 Kxh6 64. Ng4+ Kg6 65. Kd2 h5 66. Nf6 Bf7 67.
Kc3 h4 68. Ng4 Kh5 69. Nf6+ Kg6 70. Kd2 h3 71. Ng4 Kh5 72. Nh2 Kh4 73. Nf3+ Kg4
74. Nh2+ Kg3 75. Nf1+ Kf2 76. Ne3 h2 77. Ng4+ Kg3 {White resigns} 0-1  aics%

[Event "Team 45 45 League T31"]
[Site "Internet Chess Club"]
[Date "2006.07.07"]
[Round "3"]
[White "Conjurer"]
[Black "moreffee"]
[Result "0-1"]
[WhiteElo "1290"]
[BlackElo "1366"]
[TimeControl "2700+45"]

1. e4 c5 2. Nf3 d6 3. d4 cxd4 4. Nxd4 Nf6 5. Nc3 a6 6. Bc4 e6 7. O-O Be7 8. Be3
Nbd7 9. Qf3 Ne5 10. Qe2 Bd7 11. f4 Nxc4 12. Qxc4 Rc8 13. Qe2 Qa5 14. a4 Qh5 15.
h3 e5 16. fxe5 Qxe2 17. Ndxe2 dxe5 18. Ng3 O-O 19. Nf5 Rfe8 20. Rf2 Bb4 21. Nd5
Bxf5 22. Nxf6+ gxf6 23. Rxf5 Re6 24. c3 Bc5 25. Bxc5 Rxc5 26. b3 Rxc3 27. Rf3
Rec6 28. Raf1 Rc1 29. Rxc1 Rxc1+ 30. Rf1 Rxf1+ 31. Kxf1 Kg7 32. Kf2 Kg6 33. Kf3
f5 34. exf5+ Kxf5 35. g4+ Ke6 36. Ke4 f6 37. h4 h6 38. b4 b6 39. a5 b5 40. h5
Kd6 41. Kf5 Kd5 42. Kxf6 e4 43. g5 e3 44. g6 e2 45. g7 e1=Q 46. g8=Q+ Kd4 47.
Qd8+ Kc4 48. Qg8+ Kxb4 49. Qg4+ Kxa5 50. Qg6 Qc3+ 51. Kf5 b4 52. Qxh6 b3 53. Qg5
Qc5+ 54. Kg6 Qxg5+ 55. Kxg5 b2 56. h6 b1=Q 57. Kf6 Qh7 58. Kg5 Kb4 59. Kh5 a5
60. Kg5 a4 61. Kh5 a3 62. Kg5 a2 63. Kh5 a1=Q 64. Kg5 Qa5+ 65. Kg4 Qxh6 66. Kg3
Qhg5+ 67. Kh3 Qa3+ 68. Kh2 Qgg3+ 69. Kh1 Qa1# {White checkmated} 0-1  aics%

[Event "Team 45 45 League T31"]
[Site "Internet Chess Club"]
[Date "2006.07.07"]
[Round "3"]
[White "wekabird"]
[Black "Havoc"]
[Result "0-1"]
[WhiteElo "1234"]
[BlackElo "1454"]
[TimeControl "2700+45"]

1. d4 Nf6 2. Nf3 g6 3. e3 Bg7 4. Bd3 d5 5. h3 Nc6 6. c3 O-O 7. O-O Re8 8. Nbd2
e5 9. dxe5 Nxe5 10. Re1 Nxd3 11. Nb3 Nxe1 12. Nxe1 Ne4 13. Nd3 b6 14. Nf4 c6 15.
Nd4 Bb7 16. Qc2 c5 17. Nde2 d4 18. cxd4 cxd4 19. f3 Ng5 20. e4 Rc8 21. Qd3 Re7
22. Nd5 Bxd5 23. Bxg5 f6 24. Bxf6 Bxf6 25. exd5 Qxd5 26. Nf4 Qf7 27. Qb5 Rc5 28.
Qb3 Qxb3 29. axb3 Rc2 30. Nd5 Rf7 31. Nxf6+ Rxf6 32. Rxa7 Rxb2 33. Ra8+ Kg7 34.
Ra7+ Rf7 35. Ra4 Rd7 36. Rb4 Rd6 37. g4 d3 38. Re4 d2 {White resigns} 0-1  aics%